Cogmind - Beta 16 @@@ ROGUE MODE // 2025.12.19 @ 02:40:34 Player: souux Result: Self-destructed Performance ------------- Evolutions (5) 2500 Regions Visited (7) 1400 Robots Destroyed (124) 620 Value Destroyed (3667) 3667 Prototype IDs (20) 400 Alien Tech Used (0) 0 Bonus (488) 488 TOTAL SCORE: 9075 Bonus ------- High Alert Combat Kills 13 Entered DSFs 500 Friendly Fire -25 Cogmind --------- Core Integrity 687/1000 Matter 300/300 Energy 310/310 System Corruption 18% Temperature Cool (0) Movement Rolling (175) Ox7 Location -5/Factory Parts ------- > --- POWER (2) -------- Reinforced Fission Core > --- PROPULSION (6) --- Armored Treads Advanced Treads Wheel Wheel > --- UTILITY (7+1) ---- Advanced Heat Sink Huge Storage Unit Improved Signal Interpreter (+) Hardened Heavy Armor Plating Advanced Hacking Suite Advanced Hacking Suite Rainbow Chip > --- WEAPON (2) ------- Heavy Plasma Cannon Heavy Plasma Cannon > --- INVENTORY (25) --- Improved Treads Large Matter Pod (150) Structural Scanner Structural Scanner Advanced Visual Processing Unit Improved Sensor Array Seismic Detector Hardened Medium Armor Plating Improved Medium Armor Plating Improved Medium Armor Plating Improved Medium Armor Plating Advanced Hacking Suite Heavy Plasma Cannon KE Penetrator Advanced EMP Blaster Improved Grenade Launcher Power Sword Peak State ------------ > --- POWER ------------ Reinforced Fission Core Reinforced Fission Core > --- PROPULSION ------- Light Treads Armored Treads Armored Treads Wheel Armored Huge Wheel > --- UTILITY ---------- Advanced Heat Sink Huge Storage Unit Machine Analyzer Improved Signal Interpreter Advanced Hacking Suite Advanced Hacking Suite Advanced Hacking Suite Rainbow Chip > --- WEAPON ----------- Heavy Plasma Cannon Heavy Plasma Cannon Minigun > --- INVENTORY -------- Armored Treads Advanced Treads Cooling System Large Matter Pod Structural Scanner Advanced Visual Processing Unit Improved Sensor Array Seismic Detector Hardened Medium Armor Plating Hardened Heavy Armor Plating Improved Medium Armor Plating Improved Medium Armor Plating Advanced Hacking Suite Heavy Plasma Cannon Heavy Plasma Cannon Heavy Plasma Cannon Advanced EMP Blaster Improved Grenade Launcher Power Sword [Rating: 90] Favorites ----------- Power Reinforced Fission Core Engine Ion Engine Power Core Reinforced Fission Core Propulsion Wheel Treads Light Treads Wheel Wheel Utility High-capacity Storage Unit Device Improved Heat Sink Storage High-capacity Storage Unit Processor Rainbow Chip Hackware Advanced Hacking Suite Protection Improved Light Armor Plating Weapon Medium Laser Energy Gun Medium Laser Energy Cannon Heavy Plasma Cannon Ballistic Gun Minigun Launcher Grenade Launcher Build | -11 -10 -10 -8 -7 -6 -6 -5 ------- Run | Yrd Mat Sub Mat Fac Fac DSF Fac Slots Evolved 10 | . . . 4 2 2 . 2 Power 1 | . . . . . . . 1 Propulsion 4 | . . . 2 1 1 . . Utility 5 | . . . 2 1 1 . 1 Weapon . | . . . . . . . . Parts Attached 109 | 7 21 5 37 3 7 17 12 Power 13 | 1 3 1 4 . . 3 1 Engine 9 | 1 3 1 3 . . 1 . Core 4 | . . . 1 . . 2 1 Reactor . | . . . . . . . . Propulsion 43 | 2 11 1 14 3 1 7 4 Treads 22 | . 5 1 7 1 1 6 1 Leg . | . . . . . . . . Wheel 21 | 2 6 . 7 2 . 1 3 Hover . | . . . . . . . . Flight . | . . . . . . . . Utility 26 | 2 4 . 8 . 4 3 5 Device 9 | 1 2 . 2 . 2 1 1 Storage 4 | 1 2 . 1 . . . . Processor 3 | . . . 1 . 2 . . Hackware 3 | . . . . . . . 3 Protection 7 | . . . 4 . . 2 1 Artifact . | . . . . . . . . Weapon 27 | 2 3 3 11 . 2 4 2 Energy Gun 14 | 1 3 2 8 . . . . Energy Cannon 6 | . . . . . 2 2 2 Ballistic Gun 3 | 1 . . 1 . . 1 . Ballistic Cannon . | . . . . . . . . Launcher 4 | . . 1 2 . . 1 . Special Weapon . | . . . . . . . . Impact Weapon . | . . . . . . . . Slashing Weapon . | . . . . . . . . Piercing Weapon . | . . . . . . . . Special Melee Weapon . | . . . . . . . . Unidentified Prototypes 7 | . . . 6 . 1 . . Parts Lost 36 | . 4 2 9 . . 2 19 Power 5 | . 1 1 1 . . . 2 Propulsion 19 | . 3 . 4 . . 2 10 Utility 5 | . . . 1 . . . 4 Weapon 7 | . . 1 3 . . . 3 Highest Loss Streak 10 | . 2 1 4 . . 2 10 To Critical Strikes 1 | . . . . . . . 1 Average Backups 17 | 5 12 19 18 22 21 23 19 Power . | . . . 1 2 2 1 . Propulsion 4 | 3 4 6 4 7 7 5 3 Utility 7 | . 4 7 6 8 7 11 10 Weapon 4 | . 2 4 5 5 5 4 5 Tool/Special . | . . . . . . . . Unused Backups 31 | . 3 . 10 . . 7 11 Power 3 | . . . 2 . . 1 . Propulsion 4 | . 2 . . . . 2 . Utility 13 | . . . 3 . . 2 8 Weapon 11 | . 1 . 5 . . 2 3 Tool/Special . | . . . . . . . . Average Slot Usage (%) 96 | . 99 100 94 81 83 95 91 Engine 9 | . 14 14 7 5 5 3 . Core 2 | . . . . . . 5 12 Treads 15 | . 2 28 21 20 15 21 9 Wheel 14 | . 25 . 14 13 21 11 16 Device 13 | . 14 14 15 10 10 10 8 Storage 10 | . 14 14 8 5 5 5 5 Processor 3 | . . . . 5 10 15 13 Hackware 1 | . . . . . . . 8 Protection 2 | . . . 6 5 5 5 3 Energy Gun 18 | . 27 27 17 11 8 . . Energy Cannon 2 | . . . . . 2 10 9 Peak Build Rating 90 | 7 10 12 42 45 53 74 90 Average Rating 29 | 5 8 11 26 43 49 66 82 On Entrance 29 | . 7 10 12 42 43 51 74 Avg Prop Armor Cover (%) 15 | . . . 14 20 17 13 13 Naked Turns . | . . . . . . . . Heaviest Build 163 | 13 88 51 96 97 102 141 163 Greatest Support 142 | 20 40 40 80 40 40 142 85 Greatest Overweight (x) 8 | . 4 1 5 4 2 2 8 Average Overweight (x) 2 | . 1 1 2 3 2 1 2 Largest Inventory Capacity 25 | 8 25 20 25 25 25 25 25 Average Capacity 20 | 7 18 20 20 25 25 25 25 Most Carried 25 | 8 19 20 24 24 23 25 24 Average Carried 17 | 5 12 19 18 22 22 24 19 Final Capacity 25 | 8 20 20 25 25 25 25 25 Final Carried 25 | 8 19 20 24 24 23 25 17 Class Distribution -------------------- 42% | Mutant 41% | Scavenger-Mutant 5% | Scavenger-Skirmisher 3% | Scavenger-Tank 3% | Hacker-Skirmisher Dominant Class ---------------- Mutant | -10/Materials Mutant | -10/Subcaves Scavenger-Mutant | -8/Materials Scavenger-Mutant | -7/Factory Scavenger-Mutant | -6/Factory Scavenger-Tank | -6/DSF Scavenger-Skirmisher | -5/Factory Resources | -11 -10 -10 -8 -7 -6 -6 -5 ----------- Run | Yrd Mat Sub Mat Fac Fac DSF Fac Matter Collected 2323 | 297 520 100 630 27 . 357 392 Remotely . | . . . . . . . . Salvage Created 4752 | 183 828 182 2167 27 . 696 669 Parts 213 | 10 46 8 87 5 . 25 32 Haulers Intercepted 6 | . 2 . 4 . . . . Recyclers Shooed 1 | . . . . . . . 1 Parts Field Recycled . | . . . . . . . . Retrieved Matter . | . . . . . . . . Parts Self-Destructed . | . . . . . . . . Prevented . | . . . . . . . . Parts Restored . | . . . . . . . . Kills | -11 -10 -10 -8 -7 -6 -6 -5 ------- Run | Yrd Mat Sub Mat Fac Fac DSF Fac Combat Hostiles Destroyed 82 | . 13 4 34 . . 16 15 Guns 40 | . 10 3 25 . . 2 . Cannons 18 | . . . . . . 10 8 AOE 14 | . . . 5 . . 4 5 Classes Destroyed 16 | 2 7 1 3 . . 2 1 Worker 11 | . 2 . 6 . . . 3 Builder 3 | . 2 . . . . . 1 Tunneler 10 | 5 2 . 2 1 . . . Hauler 6 | . 2 . 4 . . . . Recycler 4 | 1 1 . 2 . . . . Operator 2 | . 1 . 1 . . . . Watcher 6 | . 3 . 3 . . . . Swarmer 25 | . 3 . 6 . . 7 9 Grunt 28 | . 10 . 18 . . . . Brawler 1 | . . . 1 . . . . Sentry 11 | . . . 8 . . 2 1 Specialist 4 | . . . . . . 4 . Hunter 4 | . . . . . . 2 2 Programmer 3 | . . . . . . . 3 Heavy 2 | . . . 1 . . 1 . Subdweller 4 | . . 4 . . . . . Best Kill Streak 9 | 6 6 2 7 1 . 9 6 Combat Bots Only 9 | . 3 2 6 . . 9 5 Max Kills in Single Turn 2 | 2 1 1 2 1 . 2 2 Gunslinging . | . . . . . . . . Exploded 2 | . . . 2 . . 2 1 Melee . | . . . . . . . . Uniques/NPCs Destroyed . | . . . . . . . . Combat | -11 -10 -10 -8 -7 -6 -6 -5 -------- Run | Yrd Mat Sub Mat Fac Fac DSF Fac Hostile Shots Fired 639 | . 65 24 186 . . 140 224 Missed 175 | . 16 6 50 . . 46 57 Hits 464 | . 49 18 136 . . 94 167 Projectile 464 | . 49 18 136 . . 94 167 AOE 8 | . . . 1 . . . 7 Critical Strikes 14 | . 1 . 7 . . . 6 Part Disruptions 5 | . . . . . . 4 1 Damage Taken 8009 | . 580 493 2281 . . 1257 3398 Core 806 | . 102 52 263 . . 76 313 Absorbed by Shields . | . . . . . . . . Core Remaining (%) 76 | 100 . 38 52 100 . 91 . Volleys Fired 331 | 9 71 18 156 1 1 29 46 Largest 3 | 2 2 2 2 2 1 3 3 Hottest 205 | 70 100 100 122 116 90 190 205 Shots Fired 655 | 18 142 33 284 2 1 83 92 Gun 505 | 18 142 30 276 2 . 27 10 Cannon 130 | . . . . . 1 54 75 Launcher 20 | . . 3 8 . . 2 7 Special . | . . . . . . . . Kinetic 46 | 9 . . . . . 27 10 Thermal 589 | 9 142 30 276 2 1 54 75 Explosive 11 | . . 3 3 . . 2 3 Electromagnetic 9 | . . . 5 . . . 4 Robot Hit Streak 30 | 6 11 11 30 12 . 15 8 Robot Miss Streak 4 | 2 4 2 3 . . 3 3 Penetration Max . | . . . . . . . . Secondary Targets 7 | . 4 . 3 . . . . Max Gunslinging Chain 1 | . 1 . 1 . . . . Shots Hit Robots 441 | 9 92 26 215 1 . 51 47 Core Hits 191 | 7 39 8 88 1 . 28 20 Critical Kills 2 | . . . . . . . 2 Critical Parts Destroyed . | . . . . . . . . Critical Strikes 32 | 1 7 2 20 . . . 2 Burn 30 | 1 7 2 20 . . . . Meltdown 2 | . . . . . . . 2 Melee Attacks . | . . . . . . . . Impact . | . . . . . . . . Slashing . | . . . . . . . . Piercing . | . . . . . . . . Sneak Attacks . | . . . . . . . . Combat Hostiles . | . . . . . . . . Follow-up Attacks . | . . . . . . . . Damage Inflicted 9294 | 129 1152 352 4009 20 . 1638 1994 Guns 5474 | 129 1152 327 3584 20 . 209 53 Cannons 2475 | . . . . . . 941 1534 Explosions 1262 | . . 25 425 . . 488 324 Melee . | . . . . . . . . Ramming 83 | . . . . . . . 83 Kinetic 314 | 52 . . . . . 209 53 Thermal 7635 | 77 1152 327 3584 20 . 941 1534 Explosive 852 | . . 25 195 . . 488 144 Electromagnetic 410 | . . . 230 . . . 180 Impact . | . . . . . . . . Slashing . | . . . . . . . . Piercing . | . . . . . . . . Highest Corruption 18 | . . . . . . 1 18 Average Corruption 7 | . . . . . . 1 9 Corruption Purged . | . . . . . . . . Corruption Blocked . | . . . . . . . . Effects 29 | . . . . . . 2 27 Message Errors 7 | . . . . . . . 7 Matter Fused 5 | . . . . . . 1 4 Heat Flow Errors 3 | . . . . . . 1 2 Energy Discharges 4 | . . . . . . . 4 Data Loss (minor) 4 | . . . . . . . 4 Data Loss (major) 2 | . . . . . . . 2 Misfires 2 | . . . . . . . 2 Weapon Failures 2 | . . . . . . . 2 Overload Shots . | . . . . . . . . Overflow Damage 141 | . . . 10 . . 69 62 Projectiles 80 | . . . . . . 19 61 Explosions 61 | . . . 10 . . 50 1 Melee . | . . . . . . . . Knockbacks 2 | . . . . . . . 2 Impact 1 | . . . . . . . 1 Kinetic . | . . . . . . . . Secondary 1 | . . . . . . . 1 Self-Inflicted Damage 120 | . . 54 26 . . . 40 Shots 3 | . . 2 1 . . . . Rammed 3 | . . . . . . . 3 Targets Rammed 3 | . . . . . . . 3 Kicked . | . . . . . . . . Crushed . | . . . . . . . . Highest Temperature 544 | 45 336 . 402 . . 188 544 Average Temperature 94 | 17 62 . 77 . . 68 150 Received Heat Transfer 1452 | . 312 72 972 . . 96 . Effects 20 | . 2 . 3 . . . 15 Shutdowns 6 | . . . 1 . . . 5 Energy Bleed 2 | . . . . . . . 2 Interference 7 | . . . . . . . 7 Matter Decay 3 | . 2 . . . . . 1 Short Circuit 1 | . . . 1 . . . . Damage (minor) 1 | . . . 1 . . . . Siege Activations . | . . . . . . . . Martial Activations . | . . . . . . . . Shielding Activations . | . . . . . . . . Robots Disrupted . | . . . . . . . . Combat Hostiles . | . . . . . . . . Robots Corrupted . | . . . . . . . . Combat Hostiles . | . . . . . . . . Parts Fried 2 | . . . 1 . . . 1 Impact Corruptions . | . . . . . . . . Robots Melted 10 | . 3 1 4 . . . 2 Combat Hostiles 10 | . 3 1 4 . . . 2 Parts Melted 48 | 2 11 3 27 . . . 5 Heat Transferred 18456 | 296 3959 1110 9472 37 . 1332 2250 Parts Sabotaged . | . . . . . . . . Parts Stolen . | . . . . . . . . Parts Stripped . | . . . . . . . . Power Chain Reactions . | . . . . . . . . Alert | -11 -10 -10 -8 -7 -6 -6 -5 ------- Run | Yrd Mat Sub Mat Fac Fac DSF Fac Maximum Alert Level 2 | . . . 2 . . 1 . Low Security (%) 79 | 100 100 . 43 100 100 54 100 Level 1 18 | . . . 47 . . 45 . Level 2 2 | . . . 8 . . . . Level 3 . | . . . . . . . . Level 4 . | . . . . . . . . Level 5 . | . . . . . . . . High Security . | . . . . . . . . Max Security . | . . . . . . . . Sterilizations 1 | . . . . . . 1 . Peak Influence 442 | 20 118 . 442 196 44 372 195 Initial 196 | . . . . 196 44 10 195 Average 106 | 4 30 . 182 144 18 193 109 Influence Increases 2508 | 30 541 . 1018 5 15 382 517 Destroy 0b10 Robot/C 1560 | . 260 . 680 . . 320 300 Destroy 0b10 Robot/NC 215 | 30 65 . 95 5 . . 20 Destroy Leader 364 | . 80 . 174 . . 50 60 Successful Hack 49 | . 15 . 12 . . . 22 Select Force Hacks 30 | . 30 . . . . . . Disable Machine 45 | . . . 15 . 15 . 15 Destroy Structure 95 | . 1 . 12 . . 12 70 Lose Combat Pursuer 150 | . 90 . 30 . . . 30 Influence Decreases 2427 | 30 541 . 585 347 91 25 808 Entered New Map 466 | . . . . 237 47 5 177 Time Decay 1450 | 30 405 . 495 110 44 . 366 Lost Part 340 | . 40 . 90 . . 20 190 Purge Threat 171 | . 96 . . . . . 75 Squads Dispatched 17 | . 4 . 6 . . 3 4 Investigation 4 | . 3 . . . . . 1 Extermination 2 | . . . . . . . 2 Reinforcement 8 | . 1 . 3 . . 3 1 Assault . | . . . . . . . . Garrison 3 | . . . 3 . . . . Intercept . | . . . . . . . . Searches Triggered . | . . . . . . . . Construction Impeded . | . . . . . . . . Haulers Reinforced 1 | . . . . . . . 1 Active Scanning Responses . | . . . . . . . . Cargo Convoy Interrupts . | . . . . . . . . Stealth | -11 -10 -10 -8 -7 -6 -6 -5 --------- Run | Yrd Mat Sub Mat Fac Fac DSF Fac Distress Signals 7 | . 2 . 3 . . . 2 Communications Jammed . | . . . . . . . . Distress Signals . | . . . . . . . . Times Spotted 118 | . 26 4 45 2 . 15 26 Peak Tracking Total 6 | . 4 2 5 2 . 5 6 Tactical Retreats 8 | . 4 . 2 . . . 2 Traps | -11 -10 -10 -8 -7 -6 -6 -5 ------- Run | Yrd Mat Sub Mat Fac Fac DSF Fac Traps Triggered 7 | . 2 1 1 . . . 3 Indirectly . | . . . . . . . . Trap Hack Attempts . | . . . . . . . . Triggered . | . . . . . . . . Disarmed 6 | . . . 6 . . . . Reprogrammed 6 | . 6 . . . . . . Reused . | . . . . . . . . Traps Extracted . | . . . . . . . . Installed . | . . . . . . . . Triggered . | . . . . . . . . Machines | -11 -10 -10 -8 -7 -6 -6 -5 ---------- Run | Yrd Mat Sub Mat Fac Fac DSF Fac Machines Disabled 6 | . . 3 1 . 1 . 1 Max in Single Turn 3 | . . 3 1 . 1 . 1 Garrison Access 1 | . . . 1 . . . . Machines Repaired . | . . . . . . . . Machines Dismantled . | . . . . . . . . Machines Sabotaged . | . . . . . . . . Overloaded Fab Kills . | . . . . . . . . Hacking | -11 -10 -10 -8 -7 -6 -6 -5 --------- Run | Yrd Mat Sub Mat Fac Fac DSF Fac Machines Accessed 20 | . 8 1 7 1 1 . 2 Terminals 15 | . 7 . 5 . 1 . 2 Fabricators . | . . . . . . . . Repair Stations . | . . . . . . . . Recycling Units 1 | . 1 . . . . . . Scanalyzers 2 | . . . 1 1 . . . Garrison Access 1 | . . . 1 . . . . Total Hacks 61 | . 21 1 25 6 1 . 7 Successful 35 | . 10 1 14 4 1 . 5 Failed 24 | . 11 . 10 1 . . 2 Catastrophic 1 | . . . 1 . . . . Database Lockouts 2 | . . . 1 1 . . . Manual 33 | . 18 . 11 . . . 4 Terminals 45 | . 20 . 17 . 1 . 7 Fabricators . | . . . . . . . . Repair Stations . | . . . . . . . . Recycling Units 1 | . 1 . . . . . . Scanalyzers 12 | . . . 6 6 . . . Garrison Access 2 | . . . 2 . . . . Terminal Hacks 11 | . 2 1 4 . 1 . 3 Part Schematic 1 | . . . . . . . 1 Open DSF 1 | . . . . . 1 . . Terminal Index 1 | . . . . . . . 1 Unreport Threat 2 | . 1 . . . . . 1 Disarm Traps 1 | . . . 1 . . . . Reprogram Traps 1 | . 1 . . . . . . Transport Status 1 | . . . 1 . . . . Recall Reinforcements 1 | . . . 1 . . . . Hauler Manifests 1 | . . . 1 . . . . Proto ID Catalog 1 | . . 1 . . . . . Fabricator Hacks . | . . . . . . . . Repair Station Hacks . | . . . . . . . . Recycling Unit Hacks . | . . . . . . . . Scanalyzer 7 | . . . 3 4 . . . Retrieve Study 7 | . . . 3 4 . . . Garrison Access Hacks 1 | . . . 1 . . . . Seal Access 1 | . . . 1 . . . . Unauthorized Hacks 16 | . 8 . 6 . . . 2 Terminals 15 | . 7 . 6 . . . 2 Botnet 7 | . 2 . 3 . . . 2 Skim 8 | . 5 . 3 . . . . Fabricators . | . . . . . . . . Repair Stations . | . . . . . . . . Recycling Units 1 | . 1 . . . . . . Tunnel 1 | . 1 . . . . . . Scanalyzers . | . . . . . . . . Garrison Access . | . . . . . . . . Data Cores Recovered . | . . . . . . . . Used . | . . . . . . . . Hacking Detections 16 | . 7 . 6 1 . . 2 Full Trace Events 1 | . . . . . . . 1 Feedback Events 1 | . . . . . . . 1 Corruption 1 | . . . . . . . 1 Feedback Blocked . | . . . . . . . . Robot Schematics Acquired . | . . . . . . . . Robots Built . | . . . . . . . . Authchips . | . . . . . . . . Time . | . . . . . . . . Total Robot Build Rating . | . . . . . . . . Part Schematics Acquired 1 | . . . . . . . 1 Parts Built . | . . . . . . . . Authchips . | . . . . . . . . Time . | . . . . . . . . Total Part Build Rating . | . . . . . . . . Part Studies Acquired 7 | . . . 3 4 . . . Parts Repaired . | . . . . . . . . Time . | . . . . . . . . Parts Recycled . | . . . . . . . . Recycled Matter . | . . . . . . . . Retrieved Matter . | . . . . . . . . Retrieved Components . | . . . . . . . . Parts Scanalyzed . | . . . . . . . . Part Schematics Acquired . | . . . . . . . . Parts Damaged . | . . . . . . . . Bothacking | -11 -10 -10 -8 -7 -6 -6 -5 ------------ Run | Yrd Mat Sub Mat Fac Fac DSF Fac Used RIF Installer . | . . . . . . . . Robots Hacked . | . . . . . . . . Non-combat . | . . . . . . . . Combat . | . . . . . . . . Robot Hacks Applied . | . . . . . . . . Relay Couplers Released . | . . . . . . . . Fabnet Peak Effective % . | . . . . . . . . Robots Rewired . | . . . . . . . . Allies Hacked . | . . . . . . . . Hacks Repelled . | . . . . . . . . Allies | -11 -10 -10 -8 -7 -6 -6 -5 -------- Run | Yrd Mat Sub Mat Fac Fac DSF Fac Total Allies . | . . . . . . . . Largest Group . | . . . . . . . . Highest-Rated Group . | . . . . . . . . Highest-Rated Ally . | . . . . . . . . Initial Warlord ECA Mod 9 | . . . . . . . 9 Total Orders . | . . . . . . . . Ally Attacks . | . . . . . . . . Total Damage . | . . . . . . . . Kills . | . . . . . . . . Allies Corrupted . | . . . . . . . . Allies Melted . | . . . . . . . . Intel | -11 -10 -10 -8 -7 -6 -6 -5 ------- Run | Yrd Mat Sub Mat Fac Fac DSF Fac Active Infowar (turns) 2725 | 49 777 . 598 229 135 383 554 Sensors 383 | . . . . . 6 61 316 Structural 1508 | . . . 597 229 135 35 512 Seismic 1381 | 49 777 . 555 . . . . Machine Analysis 1054 | . . . . . 134 383 537 Robot Analysis Total . | . . . . . . . . Derelict Logs Recovered . | . . . . . . . . Drone Launches . | . . . . . . . . Drone Recoveries . | . . . . . . . . Exploration | -11 -10 -10 -8 -7 -6 -6 -5 ------------- Run | Yrd Mat Sub Mat Fac Fac DSF Fac Turns Passed 7325 | 120 2117 1464 1846 230 135 383 1030 Spaces Moved 3588 | 72 1008 575 852 182 122 142 635 Core 6 | 6 . . . . . . . Treads 800 | . 50 575 100 . . 40 35 Legs . | . . . . . . . . Wheels 2782 | 66 958 . 752 182 122 102 600 Hover . | . . . . . . . . Flight . | . . . . . . . . Fastest Speed 50 | 50 80 240 100 100 100 91 106 Average Speed 137 | 77 110 240 126 120 100 124 126 Slowest Speed 440 | 80 240 240 245 130 100 201 440 Overloaded Moves . | . . . . . . . . Propulsion Burnouts . | . . . . . . . . Robots Hopped . | . . . . . . . . Potential Cave-ins . | . . . . . . . . Cave-ins Triggered . | . . . . . . . . Exploration Rate (%) 38 | 5 97 37 62 6 3 86 12 Regions Visited 7 Branch Regions 1 Pre-discovered Areas 2 | . 2 . . . . . . Known Exits Taken 3 | . 1 1 . . 1 . . Unknown Exits Taken 3 | 1 . . 1 1 . . . Scrap Searched . | . . . . . . . . Spaces Dug . | . . . . . . . . Terrain Destroyed 76 | . . 7 12 . . 19 38 Melee . | . . . . . . . . Projectile 30 | . . . . . . 2 28 AOE 46 | . . 7 12 . . 17 10 Terrain Rammed . | . . . . . . . . Walls Destroyed . | . . . . . . . . Machines Disabled . | . . . . . . . . Actions | -11 -10 -10 -8 -7 -6 -6 -5 --------- Run | Yrd Mat Sub Mat Fac Fac DSF Fac Total 5335 | 114 1863 626 1346 190 133 292 771 Wait 1075 | 19 732 17 186 1 . 63 57 Move 3581 | 71 1007 574 851 181 121 141 635 Hop . | . . . . . . . . Pick Up 90 | 8 14 7 40 1 1 15 4 Fast Attach 38 | 7 1 . 18 2 3 2 5 Attach 41 | . 4 2 16 2 2 3 12 Detach 5 | . . . 3 . 1 . 1 Swap 85 | . 24 4 27 . 2 20 8 Drop 86 | . 10 4 49 2 2 19 . Fire 331 | 9 71 18 156 1 1 29 46 Melee . | . . . . . . . . Ram 3 | . . . . . . . 3 Kick . | . . . . . . . . Crush . | . . . . . . . . Escape Stasis . | . . . . . . . . Rewire . | . . . . . . . . Trap . | . . . . . . . . Miscellaneous . | . . . . . . . . Route ------- -11/Scrapyard -10/Materials (discovered 5 exits: [*Mat x3] / *Min / *Sub) -10/Subcaves (discovered 2 exits: *Mat x2) -8/Materials (discovered 2 exits: *Fac x2) -7/Factory (discovered 2 exits: *Fac / [*Low]) -6/Factory -6/DSF -5/Factory (discovered 1 exit: *Fac) History --------- Turn | Location | Event 5 | -11/Scrapyard | Discovered new exit (range 16) 121 | -11/Scrapyard | Entered Materials 246 | -10/Materials | Discovered new exit (range 10) 312 | -10/Materials | Build established: Mutant 612 | -10/Materials | Discovered new exit (range 14) 780 | -10/Materials | Discovered new exit (range 16) 1011 | -10/Materials | Loaded intel: 13 trap records 1053 | -10/Materials | Learned 4 Recycling zone layouts 1086 | -10/Materials | Learned location of 1 exit from Recycling 1127 | -10/Materials | Learned 4 Subcaves zone layouts 1135 | -10/Materials | Identified exit to Subcaves 1136 | -10/Materials | Identified exit to Mines 1147 | -10/Materials | Learned Storage stockpile data 1203 | -10/Materials | Learned location of Subcaves (-10) 1925 | -10/Materials | Build established: Scavenger-Mutant 2238 | -10/Materials | Entered Subcaves 2239 | -10/Subcaves | Approached by a straggling Scientist 2239 | -10/Subcaves | Identified exit to Materials 2542 | -10/Subcaves | Build established: Mutant 2741 | -10/Subcaves | Visited 4L-MR0's lab 2762 | -10/Subcaves | Found Rainbow Chip 2895 | -10/Subcaves | Core integrity fell below 50% 3303 | -10/Subcaves | Shifting Twisted Machinery released Flamer 3307 | -10/Subcaves | Shifting Twisted Machinery released Flamer 3702 | -10/Subcaves | Entered Materials 3702 | -8/Materials | Evolved 4 slots: Propulsion x2, Utility x2 4169 | -8/Materials | Build established: Scavenger-Mutant 4176 | -8/Materials | Discovered new exit (range 7) 4371 | -8/Materials | Garrison activated, responded to threat 4564 | -8/Materials | Lost 4 parts (2n1u1w) 5069 | -8/Materials | Central database locked down 5301 | -8/Materials | Discovered new exit (range 5) 5379 | -8/Materials | Attached Rainbow Chip, gained temporary slots: Power, Propulsion, Utility, Weapon 5548 | -8/Materials | Entered Factory 5548 | -7/Factory | Evolved 2 slots: Propulsion x1, Utility x1 5645 | -7/Factory | Discovered new exit (range 16) 5674 | -7/Factory | Central database locked down 5688 | -7/Factory | Discovered new exit (range 11) 5778 | -7/Factory | Entered another Factory area 5778 | -6/Factory | Evolved 2 slots: Propulsion x1, Utility x1 5913 | -6/Factory | Identified exit to DSF 5913 | -6/Factory | Entered DSF 5945 | -6/DSF | Additional patrols routed to DSF 6160 | -6/DSF | Sterilization system engaged 6180 | -6/DSF | Ambient heat levels rising (+10) 6192 | -6/DSF | Destroyed 9 combat bots 6195 | -6/DSF | Ambient heat levels rising (+10) 6210 | -6/DSF | Ambient heat levels rising (+10) 6225 | -6/DSF | Ambient heat levels rising (+10) 6240 | -6/DSF | Ambient heat levels rising (+10) 6255 | -6/DSF | Ambient heat levels rising (+10) 6270 | -6/DSF | Ambient heat levels rising (+10) 6278 | -6/DSF | Discovered new exit (range 16) 6285 | -6/DSF | Ambient heat levels rising (+10) 6295 | -6/DSF | Identified exit to Factory 6296 | -6/DSF | Entered Factory 6296 | -5/Factory | Evolved 2 slots: Power x1, Utility x1 6422 | -5/Factory | Discovered new exit (range 16) 6460 | -5/Factory | Identified exit to Factory 6605 | -5/Factory | Build established: Scavenger-Skirmisher 6845 | -5/Factory | System corruption reached 10% 6881 | -5/Factory | Lost 5 parts (1p3n1u) 7038 | -5/Factory | Lost 10 parts (4n3u3w) 7326 | -5/Factory | Self-destructed Last Messages --------------- 07301_ System corrupted: Energy discharge (-77). 07302_ ALERT: Hostile activity reported, dispatching reinforcements to area. 07305_ Slug penetrates Wall. 07307_ R-10 Processor collects Unknown Processor. 07309_ Slammed into R-10 Processor. 07318_ C-45 Heavy ARC bursts open, deploying its payload. 07318_ D-63 Destroyer unfolds itself. 07319_ Slammed into D-63 Destroyer. 07319_ D-63 Destroyer knocked back. 07320_ Slammed into D-63 Destroyer. 07320_ Destabilizing: Core damaged (-20). 07320_ Slug penetrates Wall. 07321_ The unstable cave ceiling collapses. 07321_ Wheel+ destroyed. 07322_ Arm. Treads+ destroyed. 07323_ Manufacturing Mainframe disabled. 07323_ Slug penetrates Wall. Map ----- +----------------------------------------------------+ | ????????????????# """"" ###### #??????????????? | | ????????????????# """ # #??????????????? | | ????????????????# # #??????????????? | | ????????????????# """"" #??????????????? | | ????????????????# """"" #+#######?????????? | | ????????????????# """ ????????? | | ????????????????# """"????????????? | | ????????????????######+## """"????????????? | | ?????????????????????# # """"????????????? | | ?????????????????# # """"????????????? | | ##########??"""?????## ### # ????????? | | #[ [#??"T"?????# # """""""?????????? | | # #??????????# +? """""???????????? | | ""# """ [#??????????# #? """"????????????? | | Y"# """ #??????????# hh###### """?????????????? | | ""# """ ###+###???## ####?? ? ?????????????? | | # # ##### # ### ?? ?????????????? | | ######+### ##??#??????????????? | | " p ##????????????????? | | "######### #????????????????? | | ######??# ##### #????????????????? | | # #??????### ###??### #????????????????? | | ?###########+#?????## #????????????????? | | ??# ????????# d d #????????????????? | | ??# ?????????## #????????????????? | | ### """"""????????# @ #????????????????? | | "## """""" ???##### #????????????????? | | # """""" ?###### ##????????????????? | | # """""" ## """ ##?????????????????? | | + ## "Y" #??????????????????? | | # """""" ## " " """" ##??????????????????? | | % # """""" ## """"g]##??????????????????? | | # """""" ???## """" ##??????????????????? | | #! """"""????## ##??????????????????? | | # ?????## """" """" ##??????????????????? | | ########?????## """" """" g##??????????????????? | | ##???????????## """" """" ##??????????????????? | | ##???????????## """" """" ############????????? | | ##???????????## ############????????? | | ############### # ##????????? | | ########################+### / ##????????? | | ^ ##????????? | | ^ ##????????? | | < ##????????? | | ^ ##????????? | | ##????????? | | ############+######+########## ##????????? | | ## # ###### #####?????? | | ##"""" # """ """ ##########+#########?????? | | ##"""" # """ """ #### ##?????? | +----------------------------------------------------+ Best States ------------- Heat Dissipation 81 Energy Generation 44 Energy Capacity 660 Matter Stores 300 Matter Capacity 300 Sight Range 16 Robot Scan Range 15 Terrain Scan Density 10 Armor Coverage 600 Evasion (%) 44 Recoil Reduction 7 Offensive Hacking 42 Item Schematics ----------------- Tri-rail Accelerator | -5/Factory | Hacked Robot Schematics ------------------ None Fabricated ------------ Nothing Repaired ---------- Nothing Studied --------- Wheel | -8/Materials | Hacked Imp. Grenade Launcher | -8/Materials | Hacked Lgt. Treads | -8/Materials | Hacked Adv. Treads | -7/Factory | Hacked Arm. Treads | -7/Factory | Hacked Imp. Ion Engine | -7/Factory | Hacked Nuclear Core | -7/Factory | Hacked Alien Tech Used ----------------- None Achievements -------------- None Challenges ------------ None Game ------ Seed ThermalLongswordMesh Manual? 0 Play Time 01:04:16 Cumulative 143.3 hours Start 2025.12.19 @ 01:15:33 End 2025.12.19 @ 02:40:34 Sessions 3 Manual Loads 0 Difficulty Rogue Special Mode None Game No. 108 Rogue 108 Adventurer 0 Explorer 0 Win Type - Total 2 Types 2/0/0/0/0/0/0/0/0/0 Lore% 45 Gallery% 49 Achievement% 40 Wizard Run 0 Options --------- Layout 2 ASCII 0 Keyboard 0 Movement Mouse Keybinds 0 Fullscreen 2 Font 24/Smallcaps Map View 50x44 Zoom Use 0% Tactical HUD 1 Map Filters NONE Filters NONE Steam 1 RUN: 09a38480-80b3-489b-9efe-b7fc17684863